 Dungeon Crawl Stone Soup version 0.32-a0-921-g04a7ad8e02 (webtiles) character file.

Game seed: 17956490512952253023

3612 jaygrey the Thrower (level 9, -8/81 HPs)
             Began as a Minotaur Fighter on Apr 3, 2024.
             Mangled by a death yak (11 damage)
             ... on level 8 of the Dungeon on Apr 12, 2024.
             The game lasted 02:34:58 (7791 turns).

jaygrey the Thrower (Minotaur Fighter)              Turns: 7791, Time: 02:34:58

Health: -8/81      AC: 15    Str: 20    XL:     9   Next: 86%
Magic:  8/8        EV:  5    Int:  7    God:
Gold:   414        SH: 11    Dex: 19    Spells: 8/8 levels left

rFire   . . .        a - +0 war axe
rCold   + . .        L - +0 kite shield
rNeg    . . .        G - +0 plate armour
rPois   .            (helmet restricted)
rElec   .            (no cloak)
rCorr   .            (no gloves)
SInv    .            h - +0 pair of boots
Will    .....        (no amulet) Stlth
                     l - +6 ring of dexterity
HPRegen 0.33/turn    o - ring of protection from cold
MPRegen 0.11/turn

%: no passive effects
@: studying Fighting
A: horns 2, retaliatory headbutt
a: no special abilities


You were on level 8 of the Dungeon.
You visited 2 branches of the dungeon, and saw 10 of its levels.

You collected 414 gold pieces.

Inventory:

Hand Weapons
 a - a +0 war axe (weapon)
 b - a +1 hand axe of freezing
 c - a +1 flail of holy wrath
 i - a +0 mace
 n - a +1 dagger of venom
 z - a +0 sling
 B - a +1 sling of flaming
 M - a +2 hand axe of flaming
Missiles
 g - 4 javelins
 p - 11 boomerangs (quivered)
 D - 6 silver javelins
 I - 53 stones
 J - 11 poisoned darts
Armour
 h - a +0 pair of boots (worn)
 G - a +0 plate armour (worn)
 L - a +0 kite shield (worn)
Jewellery
 l - a +6 ring of dexterity (left hand)
 o - a ring of protection from cold (right hand)
 s - a ring of fire
 x - a ring of wizardry
 N - a ring of fire
Talismans
 C - a serpent talisman
Wands
 K - a wand of quicksilver (4)
Scrolls
 k - 2 scrolls of amnesia
 q - 2 scrolls of revelation {unknown}
 t - 2 scrolls of poison {unknown}
 u - a scroll of teleportation {unknown}
 v - a scroll of fear {unknown}
 w - a scroll of enchant weapon {unknown}
 y - 3 scrolls of fog {unknown}
 F - 3 scrolls of vulnerability {unknown}
 H - a scroll of enchant armour {unknown}
Potions
 f - 3 potions of mutation
 m - 2 potions of berserk rage
 r - a potion of invisibility {unknown}
 A - a potion of cancellation {unknown}
 E - 4 potions of brilliance


   Skills:
 + Level 8.0 Fighting
 + Level 8.2 Axes
 + Level 8.8 Throwing
 + Level 8.2 Armour
 + Level 2.1 Dodging
 + Level 0.3 Stealth
 + Level 6.2 Shields


You had 8 spell levels left.
You didn't know any spells.
Your spell library was empty.

Dungeon Overview and Level Annotations

Branches:
Dungeon (9/15)             Temple (1/1) D:6
   Lair: D:8-11         Orc: D:9-12

Altars:
Ashenzari
Fedhas
Gozag
Kikubaaqudgha
Makhleb
Okawaru
Qazlal
Sif Muna
Trog
Wu Jian
Yredelemnul
The Shining One

Shops:
D:8 =

Annotations:
D:6 3 runed translucent doors, HourglassMan's ghost, novice MfAl


Innate Abilities, Weirdness & Mutations

You have a pair of horns on your head.
You reflexively headbutt those who attack you in melee.


Message History

The death yak is lightly wounded.
A death yak is nearby!
Things that are here:
a +0 short sword of electrocution; a +0 flail
Things that are here:
a +0 scale mail; a +0 dagger; an orc skeleton
Things that are here:
a +0 ring mail; a +0 club; an orc skeleton Throw: 11 boomerangs
Press: ? - help, Q - select action, (/) - cycle Shift-Dir - straight line, f/p - death yak
Aim: a death yak (82% to hit)
You throw a boomerang. The boomerang hits the death yak!
The death yak is moderately wounded.
The death yak attacks as it pursues you!
You block the death yak's attack.
The death yak attacks as it pursues you!
The death yak gores you!
The death yak attacks as it pursues you!
You block the death yak's attack.
The death yak attacks as it pursues you!
The death yak gores you!
* * * LOW HITPOINT WARNING * * *
The death yak attacks as it pursues you!
The death yak gores you but does no damage.
You see here a +0 whip.
The death yak attacks as it pursues you!
The death yak gores you.
* * * LOW HITPOINT WARNING * * *
The death yak attacks as it pursues you!
The death yak barely misses you. You furiously retaliate!
You headbutt the death yak! You hit the death yak.
The death yak is moderately wounded.
You block the death yak's attack.
You hit the death yak.
The death yak is moderately wounded.
The death yak gores you!
* * * LOW HITPOINT WARNING * * *
The death yak gores you!
You die...

###########
#.........##############
#.#######.##<..........# #.#
#.############.###
######.#######.######.........###
................@Y.....).........
######.#######.####.))##.........
######.#######.#......[...#......
......................##..#.#....
##############.#.................
# ###########.#.##...##..#...#..
# #.........#..>##...##..#...#..
# #.........###.##...##..#......
# #.........'........##..#..##..


You could see a death yak.

Vanquished Creatures
  Joseph (D:7)
  A cane toad (D:9)
  A yak (D:9)
  A steam dragon (D:7)
  3 water moccasins (D:6)
  3 orc warriors
  3 ice beasts
  A black bear (D:8)
  An ogre (D:7)
  A centaur (D:8)
  7 phantoms
  2 kobold brigands
  3 bullfrogs
  A scorpion (D:5)
  A bombardier beetle (D:3)
  2 hounds (D:4)
  A jelly (D:7)
  6 orc priests
  3 iguanas
  4 orc wizards
  7 adders
  A white imp (D:5)
  2 ufetubi (D:6)
  3 ribbon worms
  2 dart slugs
  37 orcs
  8 endoplasms
  7 giant cockroaches
  4 goblins
  4 hobgoblins
  7 jackals
  15 kobolds
  7 quokkas
  11 ball pythons
  4 bats
  2 frilled lizards
  3 rats (D:1)
170 creatures vanquished.

Notes
Turn   | Place    | Note
-------+----------+-------------------------------------------
     0 | D:1      | jaygrey the Minotaur Fighter began the quest for the Orb.
     0 | D:1      | Reached XP level 1. HP: 19/19 MP: 0/0
   269 | D:1      | Reached XP level 2. HP: 27/27 MP: 1/1
   487 | D:1      | Identified a scroll of acquirement
   487 | D:1      | Acquired a manual of Fighting
   627 | D:1      | Reached XP level 3. HP: 33/33 MP: 2/2
  1699 | D:2      | Reached XP level 4. HP: 41/41 MP: 3/3
  1744 | D:2      | Reached skill level 5 in Fighting
  1882 | D:2      | Upgraded the game from 0.32-a0-891-gc41d80381e to
                  | 0.32-a0-913-g739538afd8
  1971 | D:3      | Reached skill level 1 in Dodging
  2330 | D:3      | Reached XP level 5. HP: 45/48 MP: 4/4
  2449 | D:3      | Reached skill level 5 in Armour
  2768 | D:4      | Reached skill level 5 in Axes
  2825 | D:4      | Reached XP level 6. HP: 42/56 MP: 5/5
  3455 | D:5      | Entered Level 5 of the Dungeon
  3533 | D:5      | Reached skill level 1 in Throwing
  3734 | D:5      | Noticed an ice beast
  3745 | D:5      | Killed an ice beast
  3746 | D:5      | Reached XP level 7. HP: 49/62 MP: 6/6
  4366 | D:6      | Found a runed translucent gate.
  4366 | D:6      | Found a runed translucent gate.
  4366 | D:6      | Found a runed translucent gate.
  4421 | D:6      | Found a staircase to the Ecumenical Temple.
  4487 | D:6      | Reached XP level 8. HP: 60/70 MP: 7/7
  4557 | D:6      | Reached skill level 5 in Throwing
  4750 | D:6      | Reached skill level 5 in Shields
  4977 | D:6      | Noticed HourglassMan's ghost (novice MfAl)
  5211 | Temple   | Entered the Ecumenical Temple
  5487 | D:7      | Reached XP level 9. HP: 70/78 MP: 8/8
  5890 | D:7      | Noticed Joseph
  6044 | D:7      | Killed Joseph
  7010 | D:8      | Found Uguuk's One-of-a-Kind Rings.
  7164 | D:8      | Upgraded the game from 0.32-a0-913-g739538afd8 to
                  | 0.32-a0-921-g04a7ad8e02
  7377 | D:9      | Noticed a cane toad
  7378 | D:9      | Noticed a cane toad
  7383 | D:9      | Noticed a death yak
  7385 | D:9      | Killed a cane toad
  7400 | D:9      | HP: 3/81 [death yak (19)]
  7631 | D:8      | HP: 1/81 [death yak (13)]
  7791 | D:8      | HP: 3/81 [death yak (12)]
  7791 | D:8      | Mangled by a death yak

Illustrated notes

Levels and vault maps discovered:
D:1:      co_arrival_square_in_a_square_in_a_square, layout_loops_corners,
          minmay_door_square, hex_tiny
D:2:      layout_loops_ring
D:3:      layout_loops_ring
D:4:      layout_loops_ring
D:5:      layout_gridville
D:6:      layout_gridville, minmay_temple_entry_overgrown,
          biasface_ghost_orc_armoury
D:7:      layout_basic, uniq_joseph
D:8:      layout_basic, nicolae_shop_unique_rings, dk_vineyard_2
D:9:      layout_rooms, nicolae_overflow_hallway_of_the_gods,
          dpeg_lair_monsters, serial_ice, serial_ice_o, serial_ice_a,
          serial_ice_b, serial_ice_d, serial_ice_c, serial_ice_m, serial_ice_h
Temple:   nicolae_temple_ecumenical_triangle

Skill      XL: |  1  2  3  4  5  6  7  8  9 |
---------------+----------------------------+-----
Shields        | 4 5 6 |  6.2
Armour         | 4 5 6 7 8 |  8.2
Fighting       | 4 5 6 8 |  8.0
Axes           | 3 4 5 6 7 8 |  8.2
Dodging        | 1 2 |  2.1
Throwing       | 2 4 6 8 |  8.8
Stealth        | |  0.3

Action                     |  1- 3 |  4- 6 |  7- 9 || total
---------------------------+-------+-------+-------++-------
  Melee: War axe           |    94 |    48 |    48 ||   190
         Headbutt          |    16 |    14 |    47 ||    77
         Hand axe          |       |    51 |   151 ||   202
  Throw: Boomerang         |       |    44 |   166 ||   210
    Use: Scroll            |     4 |     2 |     3 ||     9
         Potion            |       |     2 |    18 ||    20
 Armour: Scale mail        |    65 |    25 |       ||    90
         Chain mail        |       |    43 |       ||    43
         Plate armour      |       |       |   171 ||   171
  Dodge: Dodged            |    52 |    28 |    46 ||   126
  Block: Buckler           |    22 |    30 |    33 ||    85
         Kite shield       |       |       |    46 ||    46

Table legend: (Time is in decaauts)
 A = Elapsed time spent in this place.
 B = Non-inter-level travel time spent in this place.
 C = Inter-level travel time spent in this place.
 D = Time resting spent in this place.
 E = Time spent auto-exploring this place.
 F = Levels seen in this place.
 G = Mean time per level.
                   A        B        C        D        E       F      G
               +--------+--------+--------+--------+--------+-----+--------+
         Total |   7820 |   2556 |   5264 |      0 |    165 |  10 |  782.0 |
       Dungeon |   7782 |   2548 |   5234 |      0 |    165 |   9 |  864.7 |
        Temple |     37 |      7 |     30 |      0 |      0 |   1 |   37.0 |
               +--------+--------+--------+--------+--------+-----+--------+

Top non-repeatable levels by time:
     D:8: 1490 daAuts
     D:1: 1235 daAuts
     D:6: 993 daAuts
     D:7: 893 daAuts
     D:5: 822 daAuts
     D:3: 782 daAuts
     D:4: 756 daAuts
     D:2: 742 daAuts
     D:9: 65 daAuts
  Temple: 37 daAuts
